 Dungeon Crawl Stone Soup version 0.22-a0-355-g201945f (webtiles) character file.

35 Firecrotchwizard the Chopper (level 3, 0/33 HPs)
             Began as a Hill Orc Monk on Apr 17, 2018.
             Succumbed to an adder's poison
             ... on level 1 of the Dungeon.
             The game lasted 00:01:48 (1241 turns).

Firecrotchwizard the Chopper (Hill Orc Monk)        Turns: 1241, Time: 00:01:49

Health: 0/33       AC:  2    Str: 14    XL:     3   Next: 33%
Magic:  3/3        EV: 13    Int: 10    God:
Gold:   38         SH:  0    Dex: 13    Spells: 2/2 levels left

rFire    . . .     SeeInvis .   h - +2 dagger (venom)
rCold    . . .     Gourm    .   (no shield)
rNeg     . . .     Faith    .   b - +0 robe
rPois    .         Spirit   .   (no helmet)
rElec    .         Reflect  .   (no cloak)
rCorr    .         Harm     .   (no gloves)
MR       .....                  (no boots)
Stlth    ++........             (no amulet)
HPRegen  0.11/turn              (no ring)
MPRegen  0.08/turn              (no ring)

@: lethally poisoned (0 -> -4)
A: no striking features
a: no special abilities


You were on level 1 of the Dungeon.
You were not hungry.

You visited 1 branch of the dungeon, and saw 2 of its levels.

You collected 38 gold pieces.

Inventory:

Hand Weapons
 a - a +0 hand axe
 h - a +2 dagger of venom (weapon)
   (You took it off a goblin on level 1 of the Dungeon)
Armour
 b - a +0 robe (worn)
Scrolls
 e - 2 scrolls of identify
 f - a scroll of teleportation
Comestibles
 c - a ration {@e1}


   Skills:
 + Level 4.0 Fighting
 * Level 4.7 Axes
 + Level 1.1 Armour
 + Level 2.6 Dodging
 - Level 1.5 Stealth


You had 2 spell levels left.
You didn't know any spells.

Dungeon Overview and Level Annotations

Branches:
Dungeon (2/15)

Altars:
Nemelex Xobeh


Message History

You kill the rat!
Your Armour skill increases to level 1!
No target in view!
Your +2 dagger of venom begins to drip with poison!
h - a +2 dagger of venom (weapon)
Found a sparkling altar of Nemelex Xobeh.
You see here a rat corpse.
You butcher the rat corpse.
d - 4 chunks of flesh {@w0} (gained 1)
You see here a rat skeleton. x2
f - a scroll labeled UWUQOSKIASI You see here a ring mail.
Some of the chunks of flesh in your inventory have rotted away.
Eating a chunk of flesh {@w0}.
You eat the chunk of flesh {@w0}.
You found a teleport trap!
Health restored: 27 You see here 29 bolts.
There is an open door here.
You now have 38 gold pieces (gained 9).
Done exploring.
Done exploring.
(D) Dungeon
Where to? (? - help)
There is a stone staircase leading down here.
You climb downwards.
An adder, a goblin and a dart slug come into view.
The adder hisses angrily.
There is a stone staircase leading up here.
The goblin shouts!
The goblin barely misses you.
You closely miss the goblin. The goblin misses you.
You hit the goblin.
The goblin is poisoned.
The goblin barely misses you.
You hit the goblin.
You kill the goblin!
You barely miss the adder. The adder bites you.
You are poisoned.
The adder poisons you!
You take 3 damage, and have 24/27 hp.
You barely miss the adder.
You feel sick. The adder barely misses you.
You take 1 damage, and have 23/27 hp.
You hit the adder. The adder barely misses you.
The dart slug launches a dart at you. The slug dart misses you.
The slug dart misses the adder.
The adder misses you.
You hit the adder but do no damage.
You feel sick. The adder bites you.
You are more poisoned.
The adder poisons you!
You take 4 damage, and have 19/27 hp.
You barely miss the adder. The adder bites you. The dart slug bites you.
You take 6 damage, and have 13/27 hp.
MASSIVE DAMAGE!!
You miss the adder.
You feel sick. The adder bites you.
* * * LOW HITPOINT WARNING * * *
You are lethally poisoned!
The adder poisons you! The dart slug bites you.
* * * LOW HITPOINT WARNING * * *
The adder closely misses you.
You hit the adder.
The adder is poisoned.
* * * LOW HITPOINT WARNING * * *
You feel sick. The adder misses you.
You take 6 damage, and have 7/27 hp.
MASSIVE DAMAGE!!
You hit the adder.
The adder looks as sick as possible!
* * * LOW HITPOINT WARNING * * *
You feel sick. The dart slug barely misses you. The adder bites you.
* * * LOW HITPOINT WARNING * * *
You take 2 damage, and have 5/27 hp.
You hit the adder but do no damage.
The adder looks as sick as possible!
* * * LOW HITPOINT WARNING * * *
You feel sick.
You kill the adder!
Your Fighting skill increases to level 4!
You have reached level 3!
Your experience leads to an increase in your attributes!
Increase (S)trength, (I)ntelligence, or (D)exterity?
You feel stronger. The dart slug bites you.
* * * LOW HITPOINT WARNING * * *
You take 1 damage, and have 4/33 hp.
MP restored: 3 You hit the dart slug.
The dart slug is poisoned.
The dart slug misses you.
You hit the dart slug.
You kill the dart slug!
* * * LOW HITPOINT WARNING * * *
You feel sick.
You take 1 damage, and have 3/33 hp.
You aren't carrying any potions.
Okay, then.
As you read the scroll labeled TOSHIBAXKU, it crumbles to dust.
It is a scroll of identify.
f - a scroll of teleportation
* * * LOW HITPOINT WARNING * * *
You feel sick.
Okay, then.
You take 1 damage, and have 2/33 hp.
There is a stone staircase leading up here.
You see here a dart slug corpse.
* * * LOW HITPOINT WARNING * * *
You feel sick.
You climb upwards.
You die...

#...........##.# #...(.
#...........##.# #.....
#...........##.#######.#
#........).......# #..
#..............#.# ###
#...........##+#.#
#.......###......#
##...#..####.....#######
#.....@................
#.....#####..).........
#.........#.......#####
####.#....#.......###
#.#....###.#...#.##
#.#....# #........#
##.#....###'#.###..#
#...............#..##
#....................


There were no monsters in sight!

Vanquished Creatures
  An adder (D:2)
  An ooze (D:1)
  A dart slug (D:2)
  2 giant cockroaches (D:1)
  3 goblins
  3 hobgoblins (D:1)
  3 kobolds (D:1)
  2 frilled lizards (D:1)
  3 rats (D:1)
19 creatures vanquished.

Notes
Turn   | Place    | Note
-------+----------+-------------------------------------------
     0 | D:1      | Firecrotchwizard the Hill Orc Monk began the quest for the Orb.
     0 | D:1      | Reached XP level 1. HP: 19/19 MP: 1/1
   403 | D:1      | Reached XP level 2. HP: 24/27 MP: 2/2
   617 | D:1      | HP: 6/27 [poisoned by a goblin]
   974 | D:1      | Reached skill level 1 in Armour
   976 | D:1      | Found a sparkling altar of Nemelex Xobeh.
  1234 | D:2      | HP: 6/27 [poisoned by an adder]
  1235 | D:2      | Reached skill level 4 in Fighting
  1235 | D:2      | Reached XP level 3. HP: 5/33 MP: 3/3
  1238 | D:2      | HP: 2/33 [poisoned by an adder]
  1241 | D:1      | Succumbed to an adder's poison

Vault maps used:
D:1:      nagdon_arrival_zigzag_paths, nemelex_xobeh_ov_fountains_minmay
D:2:      minmay_kobold_bridge, nicolae_gozag_cash_rules_everything_around_me,
          lemuel_crystal_altar

Skill      XL: |  1  2 |
---------------+-------+-----
Armour         | 1 |  1.1
Fighting       | 4 |  4.0
Axes           | |  4.7
Dodging        | |  2.6
Stealth        | |  1.5

Action                   || total
-------------------------++-------
Melee: Hand axe          ||    59
       Dagger            ||    14
  Use: Potion            ||     2
       Scroll            ||     1
 Stab: Sleeping          ||     2
  Eat: Chunk             ||     1
Armor: Robe              ||     5
Dodge: Dodged            ||    44

Table legend:
 A = Spawn XP
 B = Non-spawn XP
 C = Spawn XP percentage of total XP
 D = Spawn monster count
 E = Non-spawn monster count
 F = Spawn count percentage of total count
 G = Total turns spent on level
                    A         B        C        D         E        F      G
               +---------+---------+-------+---------+---------+-------+---------
         Total |       0 |      50 |   0.0 |       0 |      19 |   0.0 |  1241
               +---------+---------+-------+---------+---------+-------+---------
           D:1 |       0 |      31 |   0.0 |       0 |      16 |   0.0 |  1222
           D:2 |       0 |      19 |   0.0 |       0 |       3 |   0.0 |    19
               +---------+---------+-------+---------+---------+-------+---------

Vault maps used:
D:1:      nagdon_arrival_zigzag_paths, nemelex_xobeh_ov_fountains_minmay
D:2:      minmay_kobold_bridge, nicolae_gozag_cash_rules_everything_around_me,
          lemuel_crystal_altar

Table legend:
 A = Turns spent in this place as a percentage of turns spent in the entire game.
 B = Non-inter-level travel turns spent in this place as a percentage of non-inter-level travel turns spent in the entire game.
 C = Inter-level travel turns spent in this place as a percentage of turns spent in this place.
 D = Turns resting spent in this place as a percentage of non-inter-level travel turns spent in this place.
 E = Turns spent auto-exploring this place as a percentage of non-inter-level travel turns spent in this place.
 F = Non-inter-level travel turns spent in this place divided by the number of levels of this place that you've seen.
                   A       B       C       D       E      F
               +-------+-------+-------+-------+-------+----------------------
         Total | 100.0 | 100.0 |   0.7 |  43.4 |  42.9 | 616.0
       Dungeon | 100.0 | 100.0 |   0.7 |  43.4 |  42.9 | 616.0
               +-------+-------+-------+-------+-------+----------------------

Table legend:
 A = Kills in this place as a percentage of kills in entire the game.
 B = Kills by you in this place as a percentage of kills by you in the entire game.
 C = Kills by friends in this place as a percentage of kills by friends in the entire game.
 D = Other kills in this place as a percentage of other kills in the entire game.
 E = Experience gained in this place as a percentage of experience gained in the entire game.
 F = Experience gained in this place divided by the number of levels of this place that you have seen.
                   A       B       C       D       E      F
               +-------+-------+-------+-------+-------+----------------------
         Total | 100.0 | 100.0 |   N/A |   N/A | 100.0 |  25.0
       Dungeon | 100.0 | 100.0 |   N/A |   N/A | 100.0 |  25.0
               +-------+-------+-------+-------+-------+----------------------
